 Dungeon Crawl Stone Soup version 0.31-a0-609-g7bf6ffcfed (webtiles) character file.

Game seed: 7432918139504070105

342 javelincjr the Sneak (level 6, 0/32 HPs)
             Began as a Kobold Summoner on Aug 21, 2023.
             Killed from afar by an orc wizard (7 damage)
             ... with a magic dart
             ... on level 4 of the Dungeon.
             The game lasted 00:19:13 (3888 turns).

javelincjr the Sneak (Kobold Summoner)              Turns: 3888, Time: 00:19:14

Health: 0/32       AC:  4    Str:  5    XL:     6   Next: 88%
Magic:  15/20      EV: 16    Int: 19    God:
Gold:   195        SH:  0    Dex: 15    Spells: 6/12 levels left

rFire   . . .        m - +0 dagger (freeze)
rCold   . . .        (no shield)
rNeg    . . .        a - +0 robe
rPois   .            e - +0 helmet
rElec   .            r - +0 cloak
rCorr   .            (no gloves)
SInv    .            (no boots)
Will    +....        g - amulet of regeneration
Stlth   ++++         c - ring of flight
HPRegen 1.05/turn    s - ring of magical power
MPRegen 0.17/turn

%: no passive effects
@: on berserk cooldown, enlightened, flying, slowed, invisible, very slow
A: small, no large weapons, nightstalker 3
a: no special abilities


You were on level 4 of the Dungeon.
You visited 1 branch of the dungeon, and saw 4 of its levels.

You collected 195 gold pieces.

Inventory:

Hand Weapons
 b - a +0 vampiric whip
 l - a +0 spear
 m - a +0 dagger of freezing (weapon)
Armour
 a - a +0 robe (worn)
 e - a +0 helmet (worn)
 r - a +0 cloak (worn)
Jewellery
 c - a ring of flight (left hand)
 g - an amulet of regeneration (around neck)
 s - a ring of magical power (right hand)
Talismans
 p - a serpent talisman
Scrolls
 d - a scroll of teleportation
 f - a scroll of summoning
 i - a scroll of immolation
 q - a scroll of identify
Potions
 h - a potion of invisibility
 j - a potion of enlightenment
 n - a potion of attraction {unknown}
 o - a potion of curing {unknown}
 t - a potion of ambrosia {unknown}


   Skills:
 + Level 2.4 Short Blades
 + Level 4.3 Dodging
 + Level 5.1 Stealth
 + Level 3.7 Spellcasting
 + Level 5.0 Summonings


You had 6 spell levels left.
You knew the following spells:

 Your Spells              Type           Power      Damage    Failure   Level
a - Summon Small Mammal   Summ           88%        N/A       1%          1
b - Call Imp              Summ           44%        N/A       2%          2
c - Call Canine Familiar  Summ           22%        N/A       5%          3

Your spell library contained the following spells:

 Spells                   Type           Power      Damage    Failure   Level
 Summon Guardian Golem    Hex/Summ       13%        N/A       16%         3
 Blink                    Tloc           6%         N/A       22%         2
 Inner Flame              Hex/Fire       3%         N/A       38%         3
 Summon Lightning Spire   Summ/Air       13%        N/A       45%         4
 Manifold Assault         Tloc           3%         N/A       80%         4
 Yara's Violent Unravell  Hex/Tmut       1%         3d3       98%         5
 Enfeeble                 Hex            1%         N/A       100%        7


Dungeon Overview and Level Annotations

Branches:
Dungeon (4/15)
 Temple: D:4-7

Altars:
Gozag


Innate Abilities, Weirdness & Mutations

You are small and have problems with some larger weapons.
You are completely attuned to the shadows.


Message History

The orc wizard hits your cerulean imp with a +0 dagger.
Your cerulean imp closely misses the orc wizard.
Your hound barely misses something.
You hit something. You freeze something.
Reactivating autopickup.
You feel a bit more experienced.
Your Summonings skill increases to level 5!
You hear the slow hiss of a distant avalanche of sand.
Your cerulean imp closely misses the orc wizard.
You feel a strong urge to attack something.
You are no longer berserk.
You are exhausted.
You feel yourself slow down.
Casting: Summon Small Mammal (safe; 1% risk of failure)
Confirm with . or Enter, or press ? or * to list all spells.
Your hound barely misses the orc wizard.
Your cerulean imp closely misses the orc wizard.
Your hound bites the orc wizard.
Casting: Summon Small Mammal (safe; 1% risk of failure)
Confirm with . or Enter, or press ? or * to list all spells.
Your bat closely misses the orc wizard.
Your cerulean imp misses the orc wizard.
Your hound barely misses the orc wizard.
Your cerulean imp barely misses the orc wizard.
Your hound bites the orc wizard but does no damage.
The orc wizard hits you with a +0 dagger.
* * * LOW HITPOINT WARNING * * *
You completely miss the orc wizard.
The orc wizard is moderately wounded.
Your bat barely misses the orc wizard.
Your hound bites the orc wizard.
Your cerulean imp hits the orc wizard with a -2 spear.
The orc wizard hits your cerulean imp with a +0 dagger.
Your hound barely misses the orc wizard.
You hit the orc wizard but do no damage.
The orc wizard is severely wounded.
Your bat barely misses the orc wizard.
Your hound bites the orc wizard.
Your cerulean imp misses the orc wizard.
The orc wizard points at you and mumbles some strange words.
The magic dart hits you!
You die...

.+........#......#
.#...............##
.#####............+ .#
#.......#.....##....
.###...#...#.....##.....#
.......#...##............
.......#...##............
....##.######...)........
....##.# #.br@)...>...
....##.# ...)o5.......
#.# .....h###.... #.#
......# .... ......# ....
.... ....


You could see an orc wizard (unable to see you, ally target), a friendly hound
(summoned), a friendly cerulean imp (summoned), a friendly quokka (summoned) and
a friendly bat (summoned).

Vanquished Creatures
  An orc wizard (D:4)
  A gnoll (D:2)
  An ufetubus (D:3)
  A worm (D:3)
  2 dart slugs
  An orc (D:3)
  2 ball pythons (D:1)
  4 bats
  An endoplasm (D:1)
  2 giant cockroaches (D:3)
  A goblin (D:3)
  A hobgoblin (D:2)
  4 jackals (D:3)
  2 quokkas
  2 frilled lizards
  3 kobolds
  3 rats (D:3)
32 creatures vanquished.

Vanquished Creatures (collateral kills)
  Grinder (D:3)
  An adder (D:2)
  3 gnolls (D:2)
  2 worms
  2 dart slugs
  4 orcs
  5 endoplasms
  A giant cockroach (D:2)
  A goblin (D:1)
  3 hobgoblins
  7 kobolds
  2 quokkas
  A ball python (D:1)
  4 bats
  2 rats
39 creatures vanquished.

Grand Total: 71 creatures vanquished

Notes
Turn   | Place    | Note
-------+----------+-------------------------------------------
     0 | D:1      | javelincjr the Kobold Summoner began the quest for the Orb.
     0 | D:1      | Reached XP level 1. HP: 10/10 MP: 3/3
    76 | D:1      | Reached XP level 2. HP: 13/15 MP: 1/5
   416 | D:1      | Reached XP level 3. HP: 19/19 MP: 2/6
   914 | D:2      | Learned a level 2 spell: Call Imp
  1129 | D:2      | Reached XP level 4. HP: 24/24 MP: 1/8
  1477 | D:2      | Found an opulent altar of Gozag.
  1982 | D:2      | Reached XP level 5. HP: 28/28 MP: 3/9
  2308 | D:3      | Learned a level 3 spell: Call Canine Familiar
  2487 | D:3      | Noticed Grinder
  2509 | D:3      | Killed Grinder
  2510 | D:3      | Reached XP level 6. HP: 25/32 MP: 1/11
  3119 | D:3      | Reached skill level 5 in Stealth
  3554 | D:3      | Found a faded altar of an unknown god.
  3881 | D:4      | HP: 2/48 [something/magic dart (5)]
  3883 | D:4      | Reached skill level 5 in Summonings
  3888 | D:4      | Killed from afar by an orc wizard

Illustrated notes

Levels and vault maps discovered:
D:1:      dpeg_arrival_line_fractal, layout_rooms, minmay_tetromino_o4
D:2:      layout_loops_corners, basic_altar, skrybe_limestone_x
D:3:      layout_basic, cheibrodos_sewer_entry_bend,
          dilly_ecumenical_altar_fadedgnrine, serial_bayou, serial_bayou_ford_a,
          serial_bayou_pond_c, serial_bayou_lagoon_b, serial_bayou_shore_a,
          hangedman_decor_clover_reticule, grunt_ministairs_9, uniq_grinder
D:4:      layout_basic, mainiacjoe_overflow_brackets, enter_ossuary_2

Skill      XL: |  1  2  3  4  5  6 |
---------------+-------------------+-----
Stealth        | 3 4 5 |  5.1
Dodging        | 3 4 |  4.3
Spellcasting   | 3 |  3.7
Short Blades   | 2 |  2.4
Summonings     | 5 |  5.0

Action                     |  1- 3 |  4- 6 || total
---------------------------+-------+-------++-------
  Melee: Whip              |     5 |       ||     5
         Unarmed           |     4 |       ||     4
         Punch             |     1 |     3 ||     4
         Dagger            |    47 |   130 ||   177
   Cast: Summon Small Mamm |    33 |    18 ||    51
         Call Imp          |     6 |    23 ||    29
         Call Canine Famil |       |     4 ||     4
    Use: Potion            |       |     4 ||     4
         Scroll            |       |     3 ||     3
   Stab: Sleeping          |     1 |    11 ||    12
 Armour: Robe              |    15 |     6 ||    21
  Dodge: Dodged            |    74 |    72 ||   146

Table legend: (Time is in decaauts)
 A = Elapsed time spent in this place.
 B = Non-inter-level travel time spent in this place.
 C = Inter-level travel time spent in this place.
 D = Time resting spent in this place.
 E = Time spent auto-exploring this place.
 F = Levels seen in this place.
 G = Mean time per level.
                   A        B        C        D        E       F      G
               +--------+--------+--------+--------+--------+-----+--------+
         Total |   3873 |   3726 |    147 |      3 |   2763 |   4 |  968.2 |
       Dungeon |   3873 |   3726 |    147 |      3 |   2763 |   4 |  968.2 |
               +--------+--------+--------+--------+--------+-----+--------+

Top non-repeatable levels by time:
     D:2: 1432 daAuts
     D:3: 1425 daAuts
     D:1: 859 daAuts
     D:4: 156 daAuts
